AoeStats
← Potri

Arabia

506793858Analyzed
1v1 RM · 17d ago on Sep 15, 2026· 65m 8s· 2 players
Game mode
Random Map
Map size
Tiny (2 player)
Population
200
Speed
Normal
Resources
Standard
Victory
Conquest
Starting age
Dark Age
Ending age
Imperial Age
RankedLock teamsTeams togetherTeam positionsShared explorationLock speedFull tech treeHidden civsTurbo modeCheats
Victory
Defeat
🇷🇴 Wei · Romania
703
+29
🇨🇱 Romans · Chile
694
-16
Carrizuwu
9:49 Feudal Age
12:56 Man-at-Arms
16:17 Forging
16:08 Scale Mail Armor
31:42 Castle Age
32:55 Bloodlines
32:47 Husbandry
33:19 Fletching
34:10 Iron Casting
35:08 Scale Barding Armor
35:56 Pikeman
38:19 Crossbowman
39:03 Bodkin Arrow
40:07 Squires
39:29 Long Swordsman
44:13 Fervor
45:11 Loom
46:59 Padded Archer Armor
52:01 Imperial Age
52:38 Legionary
52:55 Halberdier
55:12 Wheelbarrow
54:22 Town Watch
56:03 Capped Ram
56:09 Capped Ram
63:36 Leather Archer Armor
Potri
7:10 Loom
10:20 Feudal Age
11:59 Double-Bit Axe
12:04 Horse Collar
19:58 Scale Barding Armor
23:53 Castle Age
23:14 Fletching
30:24 Padded Archer Armor
35:48 Bloodlines
35:40 Husbandry
36:48 Wheelbarrow
36:36 Chain Barding Armor
36:13 Bodkin Arrow
44:23 Hand Cart
44:12 Heavy Plow
51:17 Imperial Age
51:40 Murder Holes
53:37 Ballistics
53:35 Masonry
57:02 Heavy Hei Guang Cavalry
59:20 Parthian Tactics
58:18 Elite Skirmisher
61:59 Tuntian
61:33 Light Cavalry
Connection lost

Rejoining the realm…

Still unreachable

The connection could not be restored.

Session expired

The server has moved on; the page needs a fresh start.